 Dungeon Crawl Stone Soup version 0.30.0-10-gfe55d96785 (webtiles) character file.

Game seed: 9227993452823169834

116 sympbizkit the Trooper (level 5, -2/37 HPs)
             Began as an Octopode Berserker on May 15, 2023.
             Was a Follower of Trog.
             Slain by a gnoll
             ... wielding a +1 halberd of venom
              (4 damage)
             ... on level 2 of the Dungeon.
             The game lasted 00:09:03 (1377 turns).

sympbizkit the Trooper (Octopode Berserker)         Turns: 1377, Time: 00:09:04

Health: -2/37      AC:  1    Str: 19    XL:     5   Next: 0%
Magic:  0/5        EV: 13    Int:  9    God:    Trog [*.....]
Gold:   83         SH:  0    Dex: 11    Spells: 4/4 levels left

rFire   . . .        j - +2 short sword (venom)
rCold   . . .        (no shield)
rNeg    . . .        (helmet restricted)
rPois   .            i - amulet of guardian spirit
rElec   .            (no ring)
rCorr   .            (no ring)
SInv    .            (no ring)
Will    ++...        (no ring)
Stlth   +++          (no ring)
HPRegen 1.26/turn    (no ring)
MPRegen 0.09/turn    (no ring)
                     (no ring)

%: guardian spirit
@: lethally poisoned (-2 -> -2), strong-willed, on berserk cooldown,
regenerating, slowed, very slow
A: almost no armour, amphibious, 8 rings, camouflage 1, gelatinous body 1,
(nimble swimmer 1), tentacles
a: Renounce Religion, Berserk


You were on level 2 of the Dungeon.
You worshipped Trog.
Trog was aware of your devotion.
You visited 1 branch of the dungeon, and saw 2 of its levels.

You collected 83 gold pieces.

Inventory:

Hand Weapons
 a - a +0 hand axe
 d - a +0 hand axe
 f - a +0 spear
 j - a +2 short sword of venom (weapon)
 m - a +0 flail
Missiles
 h - a throwing net (quivered)
 l - 4 poisoned darts
Armour
 b - a +0 ring mail
 c - a +1 pair of gloves
 e - a +0 chain mail
Jewellery
 i - an amulet of guardian spirit (around mantle)
Scrolls
 g - a scroll of magic mapping {unknown}
 k - a scroll of blinking {unknown}
 n - a scroll of teleportation
 q - 3 scrolls of immolation {unknown}
Potions
 o - a potion of curing {unknown}
 p - a potion of might {unknown}


   Skills:
 + Level 4.1 Fighting
 + Level 0.7 Short Blades
 + Level 3.9 Axes
 + Level 3.4 Dodging
 + Level 1.4 Stealth


You had 4 spell levels left.
You didn't know any spells.
Your spell library contained the following spells:

 Spells                   Type           Power      Damage    Failure   Level
 Sting                    Tmut/Pois      0%         1d3       38%         1
 Dazzling Flash           Conj/Hex       0%         N/A       77%         3
 Agony                    Necr           0%         N/A       100%        5
 Silence                  Hex/Air        0%         N/A       100%        5


Dungeon Overview and Level Annotations

Branches:
Dungeon (2/15)

Altars:


Innate Abilities, Weirdness & Mutations

You cannot wear most types of armour.
You are amphibious.
You can wear up to eight rings at the same time.
Your skin changes colour to match your surroundings (Stealth+).
Your rubbery body absorbs attacks. (AC +1, EV +1)
((You are camouflaged when in or above water. (Stealth+)))
You have tentacles for arms and can constrict up to eight enemies at once.


Message History

You can no longer call upon Trog for regeneration and willpower.
The gnoll shouts!
The gnoll drinks a potion.
The gnoll flickers and vanishes!
Deactivating autopickup; reactivate with Ctrl-A.
A red film seems to cover your vision as you go berserk!
You feel yourself moving faster!
You feel mighty!
The gnoll shouts!
Found a short sword.
You feel a strong urge to attack something.
A quokka comes into view.
A gnoll comes into view. It is wielding a +1 halberd of venom.
You feel your anger nearly subside.
The gnoll shouts!
The gnoll hits you with a +0 spear! Something hits you.
The gnoll hits you from afar with a +1 halberd of venom!
You are poisoned.
You puncture the gnoll!
The gnoll is poisoned.
You grab the gnoll.
The gnoll is heavily wounded.
You constrict the gnoll.
You feel sick. The gnoll closely misses you. Something hits you.
The gnoll barely misses you.
You puncture the gnoll!
You kill the gnoll!
Trog accepts your kill.
You feel sick.
You have reached level 5!
You feel stronger.
You are no longer berserk.
You are exhausted.
You feel yourself slow down.
You feel sick. Something hits you!
* * * LOW HITPOINT WARNING * * *
The gnoll misses you.
Items here: $ ) ? †.
You miss something.
You feel very sick. Something hits you.
* * * LOW HITPOINT WARNING * * *
The gnoll misses you.
You closely miss something. Your squeeze misses something.
You feel sick.
The gnoll hits you from afar with a +1 halberd of venom.
You die...

##..#
##.......###.#..#
##.# ##(....## #
#.#
#####.#######...##
.. ##.........#
##+## #......###.#
##..#### #.# #..#
#g# #
#..######.###)..#
#........@{r.....
###########.#...#
# #


You could see a gnoll and a quokka.

Vanquished Creatures
  A scorpion (D:2)
  A gnoll (D:2)
  A worm (D:2)
  2 dart slugs (D:2)
  An orc (D:2)
  3 ball pythons
  5 endoplasms
  A giant cockroach (D:1)
  A goblin (D:2)
  3 hobgoblins (D:1)
  5 kobolds
  2 quokkas (D:1)
  5 bats
  2 frilled lizards (D:1)
  7 rats
40 creatures vanquished.

Notes
Turn   | Place    | Note
-------+----------+-------------------------------------------
     0 | D:1      | sympbizkit the Octopode Berserker began the quest for the
                  | Orb.
     0 | D:1      | Reached XP level 1. HP: 16/16 MP: 1/1
   120 | D:1      | Reached XP level 2. HP: 6/21 MP: 2/2
   437 | D:1      | Found a faded altar of an unknown god.
   477 | D:1      | Got Plato's Papyrus of Reconstruction
   544 | D:1      | Reached XP level 3. HP: 26/26 MP: 3/3
   781 | D:2      | Noticed a scorpion
   797 | D:2      | Killed a scorpion
   797 | D:2      | Reached ** piety under Trog
   798 | D:2      | Reached skill level 4 in Fighting
   798 | D:2      | Reached skill level 1 in Stealth
   798 | D:2      | Reached XP level 4. HP: 26/33 MP: 4/4
  1375 | D:2      | Reached XP level 5. HP: 22/37 MP: 1/5
  1377 | D:2      | Slain by a gnoll

Illustrated notes

Levels and vault maps discovered:
D:1:      lordsloth_arrival_two_stooges, layout_basic,
          shapermc_ecumenical_altar_rom_forum
D:2:      layout_loops_corners, basic_altar, dk_noncrumbling_2

Skill      XL: |  1  2  3 |
---------------+----------+-----
Fighting       | 4 |  4.1
Stealth        | 1 |  1.4
Short Blades   | |  0.7
Axes           | |  3.9
Dodging        | |  3.4

Action                     |  1- 3 |  4- 6 || total
---------------------------+-------+-------++-------
  Melee: Hand axe          |    38 |       ||    38
         Constrict         |    17 |     6 ||    23
         Tentacles         |    16 |     5 ||    21
         Short sword       |    34 |    28 ||    62
         Punch             |     3 |     1 ||     4
 Invoke: Berserk           |       |     3 ||     3
         Trog's Hand       |       |     2 ||     2
    Use: Scroll            |     3 |       ||     3
   Stab: Sleeping          |     1 |     1 ||     2
 Armour: Skin              |     2 |     1 ||     3
  Dodge: Dodged            |    45 |    21 ||    66
